 Dungeon Crawl Stone Soup version 0.18.1-48-g4cf74bf (webtiles) character file.

80 Gargoyl the Skirmisher (level 4, -7/36 HPs)
             Began as a Demonspawn Abyssal Knight on Sept 9, 2016.
             Was a Believer of Lugonu.
             Mangled by Sigmund
             ... wielding a +0 scythe
              (13 damage)
             ... on level 2 of the Dungeon.
             The game lasted 00:03:09 (1840 turns).

Gargoyl the Skirmisher (Demonspawn Abyssal Knight)  Turns: 1840, Time: 00:03:09

Health: -7/36      AC:  4    Str: 18    XL:     4   Next: 18%
Magic:  6/6        EV: 12    Int: 13    God:    Lugonu [**....]
Gold:   127        SH:  0    Dex: 13    Spells: 0 memorised, 3 levels left

rFire  . . .     SeeInvis .     a - +1 hand axe
rCold  . . .     Gourm    .     b - +0 leather armour
rNeg   . . .     Faith    .     (no shield)
rPois  +         Spirit   .     i - +0 helmet
rElec  .         Dismiss  .     (no cloak)
rCorr  .         Reflect  .     (no gloves)
SustAt .         Harm     .     (no boots)
MR     .....     Rnd*Tele +     (no amulet)
Stlth  +.........               f - ring of poison resistance
                                j - ring of teleportation (curse)

@: confused, mighty, not resistant to hostile enchantments, very unstealthy
A: claws 1, sturdy frame 1
a: Depart the Abyss, Bend Space, Renounce Religion


You were on level 2 of the Dungeon.
You worshipped Lugonu.
Lugonu was pleased with you.
You were not hungry.

You visited 1 branch of the dungeon, and saw 2 of its levels.
You visited the Abyss 1 time.

You collected 127 gold pieces.

Inventory:

Hand Weapons
 a - a +1 hand axe (weapon)
Armour
 b - a +0 leather armour (worn)
 i - a +0 helmet (worn)
Jewellery
 f - a ring of poison resistance (right claw)
 j - a cursed ring of teleportation (left claw)
Wands
 g - a wand of polymorph (8/24)
Scrolls
 d - a scroll of identify
Potions
 e - a potion of might
Comestibles
 c - a bread ration
 h - 3 fruits
 k - a beef jerky
 l - a chunk of flesh


   Skills:
 + Level 3.6 Fighting
 + Level 2.5 Axes
 * Level 2.3 Armour
 + Level 1.6 Dodging
 + Level 0.4 Stealth
 + Level 2.7 Invocations


You had 3 spell levels left.
You didn't know any spells.

Dungeon Overview and Level Annotations

Branches:
Dungeon (2/15)

Altars:
Cheibriados
Gozag
Nemelex Xobeh
Pakellas
Qazlal
Ru
Vehumet
Yredelemnul
Zin
The Shining One

Annotations:
D:2 Sigmund


Innate Abilities, Weirdness & Mutations

You have sharp fingernails.
Your movements are slightly less encumbered by armour (ER -2).


Message History

Unknown command.
Unknown command.
Drink which item? (? for menu, Esc to quit)
It was a potion of might.
You feel very mighty all of a sudden. Something hits you.
You miss something. Something hits you but does no damage.
You miss something. Something hits you.
You slash something! Something hits you.
You closely miss something. You closely miss something.
You hear some strange, mumbled words.
You are confused.
Something hits you!
* * * LOW HITPOINT WARNING * * *
You see here a rat corpse.
You bump into the rock wall.
Something hits you.
* * * LOW HITPOINT WARNING * * *
You miss something. Something hits you!
You die...

.##.#.#
#.#..######.#
.##.#.#
#.#<.)......#
..#.#.#
#.#...#######
....#.# #.#...#
...##.###.#...#
.............##
......######.#######
....#.# #.....{.#
.#..#.#
#.###@#......
......# #.# #.#
..8.. ####..# #..
..# 8.8. ......##
#####.. _.8 ###....#
##. 8. #....## .. .
#.#<..# ..
###.#...## ...
#........#


There were no monsters in sight!

Vanquished Creatures
  Robin (D:2)
  An adder (D:2)
  An ooze (D:1)
  4 dart slugs
  2 giant cockroaches
  10 hobgoblins
  2 kobolds (D:1)
  A ball python (D:1)
  4 bats
  13 goblins
  6 rats
45 creatures vanquished.

Notes
Turn   | Place    | Note
--------------------------------------------------------------
     0 | Abyss:1  | Gargoyl the Demonspawn Abyssal Knight began the quest for the Orb.
     0 | Abyss:1  | Reached XP level 1. HP: 18/18 MP: 2/2
    33 | Abyss:1  | Found a shimmering altar of Xom.
   102 | Abyss:3  | Noticed a worldbinder
   106 | Abyss:3  | Noticed a black mamba
   106 | Abyss:3  | Noticed a black mamba
   106 | Abyss:3  | Noticed a black mamba
   108 | D:1      | Escaped the Abyss
   339 | D:1      | Gained mutation: You have sharp fingernails. [demonic ancestry]
   339 | D:1      | Reached XP level 2. HP: 24/24 MP: 3/3
   444 | D:1      | Reached * piety under Lugonu
   630 | D:1      | Reached skill level 1 in Dodging
   921 | D:2      | Noticed Robin
   926 | D:2      | Gained mutation: Your movements are slightly less encumbered by armour (ER -2). [demonic ancestry]
   926 | D:2      | Reached XP level 3. HP: 15/29 MP: 3/5
   929 | D:2      | Killed Robin
  1473 | D:2      | Found an opulent altar of Gozag.
  1473 | D:2      | Found a radiant altar of Vehumet.
  1480 | D:2      | Found a stormy altar of Qazlal.
  1481 | D:2      | Found an oddly glowing altar of Pakellas.
  1481 | D:2      | Found a glowing silver altar of Zin.
  1482 | D:2      | Found a sacrificial altar of Ru.
  1483 | D:2      | Found a glowing golden altar of the Shining One.
  1484 | D:2      | Found a snail-covered altar of Cheibriados.
  1485 | D:2      | Found a sparkling altar of Nemelex Xobeh.
  1587 | D:2      | Found a basalt altar of Yredelemnul.
  1594 | D:2      | Reached XP level 4. HP: 36/36 MP: 6/6
  1675 | D:2      | Reached ** piety under Lugonu
  1824 | D:2      | Noticed Sigmund
  1829 | D:2      | Found a faded altar to an unknown god.
  1840 | D:2      | Mangled by Sigmund

Skill      XL: |  1  2 |
---------------+-------+-----
Axes           | 2 |  2.5
Dodging        | 1 |  1.6
Armour         | 2 |  2.3
Fighting       | |  3.6
Stealth        | |  0.4
Invocations    | |  2.7

Action                   |  1- 3 |  4- 6 || total
-------------------------+-------+-------++-------
Melee: Hand axe          |    63 |    29 ||    92
       Long sword        |     2 |       ||     2
       Unarmed           |     5 |       ||     5
Invok: Depart the Abyss  |     1 |       ||     1
  Use: Scroll            |       |     2 ||     2
       Potion            |       |     1 ||     1
  Eat: Chunk             |     2 |     1 ||     3
Armor: Leather armour    |    28 |     6 ||    34
Dodge: Dodged            |    49 |    14 ||    63
